 Dungeon Sprint DCSS version 0.22-a0-834-g05cf915 (webtiles) character file.

40001 Krakonus1 the Conqueror (level 14, -2/198 HPs)
             Began as an Ogre Berserker on July 25, 2018.
             Was the Champion of Trog.
             Slain by an ettin
             ... wielding a +0 dire flail of crushing
              (44 damage)
             ... in the Dungeon (Sprint IX: "|||||||||||||||||||||||||||||").
             The game lasted 00:37:33 (4448 turns).

Krakonus1 the Conqueror (Ogre Berserker)            Turns: 4448, Time: 00:37:34

Health: -2/198     AC: 13    Str: 31    XL:     14   Next: 9%
Magic:  4/4        EV: 13    Int:  8    God:    Trog [******]
Gold:   901        SH:  5    Dex:  6    Spells: 13/13 levels left

rFire    . . .     SeeInvis .   x - +9 giant spiked club (antimagic)
rCold    . . .     Gourm    .   (shield currently unavailable)
rNeg     . . .     Faith    .   J - +3 acid dragon scales
rPois    +         Spirit   .   (helmet restricted)
rElec    .         Reflect  +   j - +0 cloak
rCorr    +         Harm     .   (gloves unavailable)
MR       +++..     NoTele   +   (boots unavailable)
Stlth    +.........             A - +5 amulet of reflection
HPRegen  1.00/turn              F - ring of poison resistance
MPRegen  0.09/turn              n - +3 ring of strength

@: berserk cooldown, regenerating, slowed, very slow
A: large, unfitting armour, horns 1, repulsion field 1, clumsy 1, inhibited
regeneration, tough skin 1
a: Berserk, Trog's Hand, Brothers in Arms, Renounce Religion


You were in the Dungeon.
You worshipped Trog.
Trog was exalted by your worship.
You were very hungry.

You visited 1 branch You collected 1925 gold pieces.
You spent 1024 gold pieces at shops.

Inventory:

Hand Weapons
 a - a +3 antimagic great mace
 f - the +9 giant club of Amortisation {freeze, -Tele *Contam Int+5 Stlth+}
   (Trog gifted it to you in the Dungeon)

   It has been specially enchanted to freeze those struck by it, causing extra
   injury to most foes and up to half again as much damage against particularly
   susceptible opponents.
   It can also slow down cold-blooded creatures.
   It affects your intelligence (+5).
   It prevents most forms of teleportation.
   It causes magical contamination when unequipped.
   It makes you more stealthy.
 m - a +2 dire flail of protection
 q - a +5 great mace of holy wrath
 w - the +6 giant spiked club "Kuopp" {flame, rN++}
   (Trog gifted it to you in the Dungeon)

   It has been specially enchanted to burn those struck by it, causing extra
   injury to most foes and up to half again as much damage against particularly
   susceptible opponents.
   It greatly protects you from negative energy.
 x - a +9 antimagic giant spiked club (weapon)
 y - a +6 antimagic giant club
 z - a +2 antimagic morningstar
 B - a +3 dire flail of protection
 H - a +1 eveningstar of protection
 M - a +4 antimagic dire flail
 O - the +5 giant spiked club of the Pyrrhic Victory {freeze, MR- Dex+5}
   (Trog gifted it to you in the Dungeon)

   It has been specially enchanted to freeze those struck by it, causing extra
   injury to most foes and up to half again as much damage against particularly
   susceptible opponents.
   It can also slow down cold-blooded creatures.
   It affects your dexterity (+5).
   It affects your resistance to hostile enchantments.
 P - the +6 giant spiked club "Puysiy" {flame, +Inv MR+ Int+4}
   (Trog gifted it to you in the Dungeon)

   It has been specially enchanted to burn those struck by it, causing extra
   injury to most foes and up to half again as much damage against particularly
   susceptible opponents.
   It affects your intelligence (+4).
   It affects your resistance to hostile enchantments.
   It lets you turn invisible.
 R - a +5 dire flail of draining
 S - the +10 giant spiked club of Hatred {speed, *Slow rElec MR++ Int+3}
   (Trog gifted it to you in the Dungeon)

   Attacks with this weapon are significantly faster.
   It affects your intelligence (+3).
   It insulates you from electricity.
   It affects your resistance to hostile enchantments.
   It may slow you when you take damage.
 V - a +3 antimagic dire flail
Missiles
 c - 14 large rocks
 v - a throwing net (quivered)
 N - 28 silver javelins
Armour
 b - a +0 animal skin
 j - a +0 cloak (worn)
 I - a +0 shield of reflection
 J - +3 acid dragon scales (worn)
 K - a +1 large shield
 Q - a +1 robe
Jewellery
 n - a +3 ring of strength (right hand)
 o - a +3 ring of dexterity
 A - a +5 amulet of reflection (around neck)
 D - an uncursed ring of protection from cold
 E - an uncursed ring of protection from cold
 F - a ring of poison resistance (left hand)
 G - an uncursed ring of protection from fire
Wands
 l - a wand of acid (10)
Scrolls
 i - 2 scrolls of blinking
 k - 7 scrolls of remove curse
 s - 3 scrolls of fear
 t - a scroll of fog
 u - 8 scrolls of identify
 C - a scroll of brand weapon
Potions
 d - 6 potions of curing
 e - 2 potions of heal wounds
 g - 4 potions of magic
 h - a potion of berserk rage
 p - a potion of brilliance
 L - 2 potions of agility
Comestibles
 r - 9 rations
 T - a chunk of flesh


   Skills:
 O Level 27 Fighting
 + Level 22.7 Maces & Flails
 * Level 7.0 Armour
 * Level 8.3 Dodging


You had 13 spell levels left.
You didn't know any spells.
Your spell library was empty.

Dungeon Overview and Level Annotations

Branches:
Dungeon (1/1)

Altars:
Cheibriados
Dithmenos
Elyvilon
Fedhas
Gozag
Hepliaklqana
Kikubaaqudgha
Makhleb
Nemelex Xobeh
Okawaru
Qazlal
Ru
Sif Muna
Trog
Uskayaw
Vehumet
Wu Jian
Xom
Yredelemnul
Zin
The Shining One
Beogh
Jiyva
Lugonu

Shops:
D ((=


Innate Abilities, Weirdness & Mutations

You are too large for most types of armour.
You have tough skin. (AC +1)
You have a pair of small horns on your head.
You are surrounded by a mild repulsion field. (EV +2)
You are clumsy. (Dex -2)
You do not regenerate when monsters are visible.


Message History

The glowing orange brain pulsates.
Something tries to feed on your intellect!
You splatter the great orb of eyes into a gooey mess!!!
You kill the great orb of eyes!
Trog accepts your kill.
Your Armour skill increases to level 7!
The ettin's soul is no longer bound.
The glowing orange brain changes into a slime creature!
The slime creature changes into a dream sheep!
Things that are here:
a dagger; a robe Your skin crawls.
You feel resistant to hostile enchantments.
You are feeling very hungry.
The ettin hits you with a dire flail of crushing!!
The ettin barely misses you.
The ettin hits you with a dire flail of crushing!!!
* * * LOW HITPOINT WARNING * * *
x2 The ettin hits you with a dire flail!!!
You die...

...'......))))).)..[[[[.[[.......
▓▓▓▓▓▓▓▓▓▓▓▓▓▓▓▓▓▓▓▓▓▓▓▓▓▓▓▓▓▓▓▓▓
.......................[.........
▓▓▓▓▓▓▓▓▓▓▓▓▓▓▓▓▓▓▓▓▓▓▓▓▓▓▓▓▓♣♣♣♣
.........'(()))..†.†.........††))
▓▓▓▓▓▓▓▓▓▓▓▓▓▓▓▓▓▓▓▓▓▓▓▓▓▓▓▓▓♣♣♣♣
.........).......................
▓▓▓▓▓▓▓▓▓▓▓▓▓▓▓▓▓▓▓▓▓▓▓▓▓▓▓▓▓▓▓▓▓
...........†)())@CC.Y.D..
▓▓▓▓▓▓▓▓▓▓▓▓▓▓▓▓▓▓▓▓▓▓▓▓▓


You could see a fire dragon, 2 ettins and a dream sheep shaped shifter.

Vanquished Creatures
  Frances (D)
  Donald (D)
  A nagaraja (D)
  A ghost moth (D)
  A very ugly thing (D)
  A stone giant (D)
  A vampire knight (D)
  A great orb of eyes (D)
  A yaktaur captain (D)
  2 hydras (D)
  Harold (D)
  A naga warrior (D)
  A centaur warrior (D)
  2 alligators (D)
  A vampire mage (D)
  A naga sharpshooter (D)
  Nergalle (D)
  A shock serpent (D)
  2 spriggan druids (D)
  A glowing orange brain (D)
  An orc knight (D)
  3 necromancers (D)
  An orc sorcerer (D)
  An ugly thing (D)
  A salamander (D)
  2 wolf spiders (D)
  A cyclops (D)
  4 black mambas (D)
  A naga mage (D)
  3 spiny frogs (D)
  A yaktaur (D)
  An efreet (D)
  3 komodo dragons (D)
  A demonic crawler (D)
  A jumping spider (D)
  3 polar bears (D)
  A tyrant leech (D)
  A slime creature (D)
  A hornet (D)
  A bog body (D)
  2 redbacks (D)
  A tarantella (D)
  A yak (D)
  Eustachio (D)
  Grum (D)
  An insubstantial wisp (D)
  2 water moccasins (D)
  4 porcupines (D)
  6 orc warriors (D)
  An ice beast (D)
  A sky beast (D)
  5 black bears (D)
  4 wolves (D)
  3 crocodiles (D)
  3 bullfrogs (D)
  A scorpion (D)
  A howler monkey (D)
  A crimson imp (D)
  2 orc priests (D)
  A hound (D)
  3 orc wizards (D)
  A dart slug (D)
  An adder simulacrum (D)
  A leopard gecko (D)
  7 orcs (D)
  2 giant cockroaches (D)
  A hobgoblin (D)
  A bat (D)
  A frilled lizard (D)
  A jackal skeleton (D)
116 creatures vanquished.

Vanquished Creatures (collateral kills)
  2 merfolk javelineers (D)
  A merfolk impaler (D)
  A hydra (D)
  A centaur warrior (D)
  4 two-headed ogres (D)
  5 ogre magi (D)
  A satyr (D)
  An orc high priest (D)
  A tengu warrior (D)
  A sea snake (D)
  An orc knight (D)
  A cyclops (D)
  2 merfolk sirens (D)
  2 merfolk (D)
  A troll (D)
  A vampire mosquito (D)
  An eye of draining (D)
  3 orc warriors (D)
  5 ogres (D)
  2 orcs (D)
37 creatures vanquished.

Vanquished Creatures (others)
  A wizard (D)
  An orc (D)
2 creatures vanquished.

Grand Total: 155 creatures vanquished

Notes
Turn   | Place    | Note
-------+----------+-------------------------------------------
     0 | D        | Krakonus1 the Ogre Berserker began the quest for the Orb.
     0 | D        | Reached XP level 1. HP: 24/24 MP: 1/1
    17 | D        | Reached ** piety under Trog
    29 | D        | HP: 1/26 [leopard gecko (2)]
    30 | D        | Reached skill level 5 in Fighting
    30 | D        | Reached XP level 2. HP: 2/35 MP: 2/2
   330 | D        | Noticed a crimson imp
   333 | D        | Reached *** piety under Trog
   380 | D        | Killed a crimson imp
   380 | D        | Reached skill level 6 in Fighting
   380 | D        | Reached skill level 5 in Maces & Flails
   380 | D        | Reached XP level 3. HP: 30/45 MP: 3/3
   638 | D        | Found a roughly hewn altar of Beogh.
   638 | D        | Found a snail-covered altar of Cheibriados.
   638 | D        | Found a shadowy altar of Dithmenos.
   638 | D        | Found a white marble altar of Elyvilon.
   638 | D        | Found a blossoming altar of Fedhas.
   638 | D        | Found an opulent altar of Gozag.
   639 | D        | Found a hazy altar of Hepliaklqana.
   640 | D        | Found a viscous altar of Jiyva.
   641 | D        | Found an ancient bone altar of Kikubaaqudgha.
   642 | D        | Found a corrupted altar of Lugonu.
   643 | D        | Found a burning altar of Makhleb.
   644 | D        | Found a sparkling altar of Nemelex Xobeh.
   645 | D        | Found an iron altar of Okawaru.
   646 | D        | Found a stormy altar of Qazlal.
   647 | D        | Found a sacrificial altar of Ru.
   648 | D        | Found a deep blue altar of Sif Muna.
   649 | D        | Found a bloodstained altar of Trog.
   650 | D        | Found a hide-covered altar of Uskayaw.
   651 | D        | Found a radiant altar of Vehumet.
   652 | D        | Found an ornate altar of the Wu Jian Council.
   653 | D        | Found a shimmering altar of Xom.
   654 | D        | Found a basalt altar of Yredelemnul.
   655 | D        | Found a glowing silver altar of Zin.
   656 | D        | Found a glowing golden altar of the Shining One.
   684 | D        | Noticed an ice beast
   684 | D        | Noticed a bullfrog
   684 | D        | Noticed an orc warrior
   684 | D        | Noticed a sky beast
   690 | D        | Reached **** piety under Trog
   690 | D        | Reached skill level 7 in Fighting
   690 | D        | Reached XP level 4. HP: 55/55 MP: 4/4
   691 | D        | Killed an ice beast
   691 | D        | Reached skill level 9 in Fighting
   691 | D        | Reached XP level 5. HP: 67/67 MP: 5/5
   695 | D        | Reached XP level 6. HP: 78/78 MP: 6/6
   697 | D        | Reached skill level 10 in Fighting
   698 | D        | Killed an orc warrior
   698 | D        | Reached ***** piety under Trog
   698 | D        | Reached skill level 11 in Fighting
   698 | D        | Reached skill level 10 in Maces & Flails
   708 | D        | Killed a sky beast
   708 | D        | Reached XP level 7. HP: 88/88 MP: 7/7
   747 | D        | Noticed a cyclops
   747 | D        | Noticed a cyan ugly thing
   747 | D        | Noticed an eight-headed hydra
   747 | D        | Noticed an efreet
   761 | D        | Killed a cyclops
   761 | D        | Reached skill level 12 in Fighting
   768 | D        | Killed a cyan ugly thing
   768 | D        | Reached skill level 13 in Fighting
   768 | D        | Reached XP level 8. HP: 63/104 MP: 8/8
   776 | D        | HP: 12/156 [eight-headed hydra (11)]
   776 | D        | HP: 2/156 [eight-headed hydra (10)]
   778 | D        | Killed an eight-headed hydra
   778 | D        | Reached skill level 14 in Fighting
   778 | D        | Reached XP level 9. HP: 3/114 MP: 9/9
  1199 | D        | Reached skill level 15 in Fighting
  1206 | D        | Killed an efreet
  1206 | D        | Received a gift from Trog
  1206 | D        | Reached skill level 15 in Maces & Flails
  1481 | D        | Gained mutation: You expend magic power (3 MP) to strengthen your wands. [potion of mutation]
  1481 | D        | Gained mutation: You are agile. (Dex +2) [potion of mutation]
  1503 | D        | Noticed a black mamba
  1505 | D        | Noticed a spiny frog
  1508 | D        | Noticed a komodo dragon
  1517 | D        | Killed a black mamba
  1517 | D        | Reached skill level 16 in Fighting
  1524 | D        | Killed a spiny frog
  1532 | D        | Reached ****** piety under Trog
  1536 | D        | Killed a komodo dragon
  1536 | D        | Received a gift from Trog
  1536 | D        | Reached XP level 10. HP: 113/128 MP: 10/10
  1752 | D        | Reached skill level 17 in Fighting
  1764 | D        | Received a gift from Trog
  1771 | D        | Got an encrusted giant spiked club {god gift}
  1772 | D        | Identified the +6 giant spiked club "Kuopp" {flame, rN++} (Trog gifted it to you in the Dungeon)
  1775 | D        | Noticed a five-headed hydra
  1795 | D        | Killed a five-headed hydra
  1818 | D        | Received a gift from Trog
  1826 | D        | Reached XP level 11. HP: 139/139 MP: 11/11
  1850 | D        | Got an ancient giant club {god gift}
  1855 | D        | Identified the +9 giant club of Amortisation {freeze, -Tele *Contam Int+5 Stlth+} (Trog gifted it to you in the Dungeon)
  1863 | D        | Gained mutation: You are dopey. (Int -2) [mutagenic glow]
  2118 | D        | Noticed Harold
  2126 | D        | Killed Harold
  2325 | D        | Received a gift from Trog
  2338 | D        | Received a gift from Trog
  2393 | D        | Noticed an orc high priest
  2400 | D        | Received a gift from Trog
  2402 | D        | Noticed an orc knight
  2403 | D        | Killed an orc high priest
  2409 | D        | Noticed an orc knight
  2409 | D        | Killed an orc knight
  2422 | D        | Killed an orc knight
  2422 | D        | Reached skill level 20 in Maces & Flails
  2427 | D        | Noticed an orc sorcerer
  2435 | D        | Killed an orc sorcerer
  2435 | D        | Received a gift from Trog
  2598 | D        | Found Cicai's Antique Weapon Emporium.
  2598 | D        | Noticed a two-headed ogre
  2598 | D        | Noticed a two-headed ogre
  2600 | D        | Killed a two-headed ogre
  2601 | D        | Noticed an ogre mage
  2603 | D        | Killed a two-headed ogre
  2607 | D        | Found Zuwet's Weapon Shoppe.
  2607 | D        | Killed an ogre mage
  2607 | D        | Received a gift from Trog
  2610 | D        | Killed an ogre mage
  2611 | D        | Found Paikhlu's Magic Scroll Emporium.
  2616 | D        | Found Teohin's Jewellery Shoppe.
  2618 | D        | Noticed an ogre mage
  2619 | D        | Noticed an ogre mage
  2621 | D        | Noticed a two-headed ogre
  2622 | D        | Killed an ogre mage
  2624 | D        | Noticed a two-headed ogre
  2626 | D        | Killed an ogre mage
  2626 | D        | Received a gift from Trog
  2629 | D        | Killed a two-headed ogre
  2632 | D        | Killed a two-headed ogre
  2703 | D        | Bought a +5 amulet of reflection for 535 gold pieces
  2706 | D        | Bought a scroll of enchant armour for 82 gold pieces
  2706 | D        | Bought a scroll of remove curse for 33 gold pieces
  2706 | D        | Bought 2 scrolls of remove curse for 66 gold pieces
  2706 | D        | Bought a scroll of brand weapon for 220 gold pieces
  2706 | D        | Bought a scroll of identify for 22 gold pieces
  2706 | D        | Bought 3 scrolls of identify for 66 gold pieces
  2870 | D        | Noticed Grum
  2875 | D        | Noticed Eustachio
  2879 | D        | Killed Grum
  2889 | D        | Killed Eustachio
  2889 | D        | Received a gift from Trog
  2998 | D        | Noticed an ogre mage
  2998 | D        | Noticed an eight-headed hydra
  2998 | D        | Noticed a cyclops
  3007 | D        | Killed an ogre mage
  3007 | D        | Reached XP level 12. HP: 147/148 MP: 0/12
  3008 | D        | Noticed a tengu warrior
  3008 | D        | Killed an eight-headed hydra
  3009 | D        | Noticed a centaur warrior
  3011 | D        | Received a gift from Trog
  3018 | D        | Noticed a vampire knight
  3018 | D        | Noticed a yaktaur captain
  3021 | D        | Killed a tengu warrior
  3021 | D        | Reached skill level 18 in Fighting
  3022 | D        | Killed a vampire knight
  3022 | D        | Reached skill level 19 in Fighting
  3024 | D        | Killed a centaur warrior
  3045 | D        | Killed a yaktaur captain
  3045 | D        | Reached skill level 20 in Fighting
  3072 | D        | Noticed a stone giant
  3073 | D        | Noticed a vampire mage
  3075 | D        | Received a gift from Trog
  3083 | D        | Killed a stone giant
  3083 | D        | Reached skill level 21 in Fighting
  3084 | D        | Killed a vampire mage
  3090 | D        | Got a dazzling giant spiked club {god gift}
  3129 | D        | Identified the +5 giant spiked club of the Pyrrhic Victory {freeze, MR- Dex+5} (Trog gifted it to you in the Dungeon)
  3200 | D        | Noticed Donald
  3215 | D        | Killed Donald
  3215 | D        | Reached skill level 22 in Fighting
  3370 | D        | Noticed a merfolk javelineer
  3370 | D        | Noticed a satyr
  3380 | D        | Killed a merfolk javelineer
  3390 | D        | Reached skill level 23 in Fighting
  3393 | D        | Received a gift from Trog
  3399 | D        | Killed a satyr
  3399 | D        | Noticed a merfolk javelineer
  3401 | D        | Killed a merfolk javelineer
  3402 | D        | Noticed a merfolk impaler
  3405 | D        | Killed a merfolk impaler
  3429 | D        | Got a bone giant spiked club {god gift}
  3680 | D        | Identified the +6 giant spiked club "Puysiy" {flame, +Inv MR+ Int+4} (Trog gifted it to you in the Dungeon)
  3696 | D        | Received a gift from Trog
  3696 | D        | Reached XP level 13. HP: 178/178 MP: 0/13
  3699 | D        | Paralysed by a hornet for 3 turns
  3705 | D        | Reached skill level 24 in Fighting
  3712 | D        | Killed a ghost moth
  3716 | D        | Received a gift from Trog
  3716 | D        | Reached skill level 25 in Fighting
  3819 | D        | Reached skill level 26 in Fighting
  3823 | D        | Received a gift from Trog
  3870 | D        | Noticed a nagaraja
  3872 | D        | Received a gift from Trog
  3879 | D        | Reached skill level 27 in Fighting
  3885 | D        | Killed a nagaraja
  3888 | D        | Received a gift from Trog
  3907 | D        | Got a warped giant spiked club {god gift}
  3913 | D        | Identified the +10 giant spiked club of Hatred {speed, *Slow rElec MR++ Int+3} (Trog gifted it to you in the Dungeon)
  3914 | D        | Krakonus1: oh my god
  3914 | D        | Krakonus1: can slow down
  3914 | D        | Krakonus1: but has fast brand and it's +10
  4277 | D        | Noticed Nergalle
  4295 | D        | Killed Nergalle
  4295 | D        | Reached skill level 5 in Dodging
  4357 | D        | Noticed Frances
  4363 | D        | Killed Frances
  4363 | D        | Received a gift from Trog
  4363 | D        | Reached skill level 5 in Armour
  4370 | D        | Lost mutation: You are agile. (Dex +2) [potion of mutation]
  4370 | D        | Lost mutation: You are dopey. (Int -2) [potion of mutation]
  4370 | D        | Lost mutation: You expend magic power (3 MP) to strengthen your wands. [potion of mutation]
  4370 | D        | Gained mutation: You are clumsy. (Dex -2) [potion of mutation]
  4370 | D        | Gained mutation: You do not regenerate when monsters are visible. [potion of mutation]
  4370 | D        | Gained mutation: You have a pair of small horns on your head. [potion of mutation]
  4370 | D        | Gained mutation: You are surrounded by a mild repulsion field. (EV +2) [potion of mutation]
  4417 | D        | Noticed a white very ugly thing
  4421 | D        | Killed a white very ugly thing
  4425 | D        | Noticed a great orb of eyes
  4430 | D        | Noticed an ettin
  4432 | D        | Noticed an ettin
  4434 | D        | Received a gift from Trog
  4434 | D        | Reached XP level 14. HP: 198/198 MP: 4/14
  4448 | D        | Slain by an ettin

Vault maps used:
D:        linesprint

Skill      XL: |  1  2  3  4  5  6  7  8  9 10 11 12 13 14 |
---------------+-------------------------------------------+-----
Maces & Flails | 4 5 6 8 9 11 13 14 16 18 21 22 | 22.7
Fighting       | 5 6 7 9 11 13 14 16 17 23 27 | 27.0
Armour         | 6 7 |  7.0
Dodging        | 7 8 |  8.3

Action                   |  1- 3 |  4- 6 |  7- 9 | 10-12 | 13-15 || total
-------------------------+-------+-------+-------+-------+-------++-------
Melee: Mace              |    56 |       |       |       |       ||    56
       Dire flail        |     5 |    16 |    59 |    37 |       ||   117
       Giant spiked club |       |       |       |    76 |    95 ||   171
       Headbutt          |       |       |       |       |     8 ||     8
Throw: Large rock        |       |       |       |     3 |       ||     3
       Throwing net      |       |       |       |     2 |       ||     2
Invok: Berserk           |     3 |       |     2 |     7 |     5 ||    17
       Brothers in Arms  |       |       |       |     6 |       ||     6
       Trog's Hand       |       |       |       |     2 |     1 ||     3
  Use: Potion            |       |       |     3 |     6 |     3 ||    12
       Scroll            |       |       |       |     5 |       ||     5
 Stab: Invisible         |       |       |       |     4 |       ||     4
  Eat: Chunk             |     1 |       |     1 |    14 |     3 ||    19
       Ration            |       |       |     1 |     1 |     1 ||     3
Armor: Animal skin       |    27 |     5 |    17 |     6 |       ||    55
       Acid dragon scale |       |       |       |     5 |    25 ||    30
Dodge: Dodged            |    29 |     2 |    13 |    20 |    28 ||    92
Block: Other             |       |       |       |     4 |    13 ||    17
       Reflection        |       |       |       |     1 |     1 ||     2

Table legend:
 A = Spawn XP
 B = Non-spawn XP
 C = Spawn XP percentage of total XP
 D = Spawn monster count
 E = Non-spawn monster count
 F = Spawn count percentage of total count
 G = Total turns spent on level
                    A         B        C        D         E        F      G
               +---------+---------+-------+---------+---------+-------+---------
         Total |       0 |   57145 |   0.0 |       0 |     155 |   0.0 |  4448
               +---------+---------+-------+---------+---------+-------+---------
             D |       0 |   57145 |   0.0 |       0 |     155 |   0.0 |  4448
               +---------+---------+-------+---------+---------+-------+---------
